 Dungeon Crawl Stone Soup version 0.25-a0-94-g9e23508adf (webtiles) character file.

Game seed: 15599730346612760976, levelgen mode: deterministic

16 MordorOrchid the Charmwright (level 2, 0/22 HPs)
             Began as a Demonspawn Skald on Nov 11, 2019.
             Slain by a worker ant (2 damage)
             ... on level 2 of the Dungeon.
             The game lasted 00:02:17 (1710 turns).

MordorOrchid the Charmwright (Demonspawn Skald)     Turns: 1710, Time: 00:02:17

Health: 0/22       AC:  4    Str: 11    XL:     2   Next: 37%
Magic:  5/5        EV: 11    Int: 17    God:
Gold:   54         SH:  0    Dex: 12    Spells: 4/5 levels left

rFire    + . .     SeeInvis .     - Unarmed
rCold    . . .     Gourm    .   (no shield)
rNeg     . . .     Faith    .   a - +0 leather armour
rPois    .         Spirit   .   (helmet restricted)
rElec    .         Reflect  .   (no cloak)
rCorr    .         Harm     .   (no gloves)
MR       .....                  (no boots)
Stlth    +.........             (no amulet)
HPRegen  0.07/turn              (no ring)
MPRegen  0.09/turn              (no ring)

@: brilliant, lethally poisoned (0 -> -9)
A: horns 1, rugged brown scales 1, dopey 1, fire resistance 1, sense
surroundings 1
a: no special abilities


You were on level 2 of the Dungeon.
You were not hungry.

You visited 1 branch of the dungeon, and saw 2 of its levels.

You collected 54 gold pieces.

Inventory:

Hand Weapons
 h - a +0 short sword
Missiles
 g - 46 stones (quivered)
Armour
 a - a +0 leather armour (worn)
Scrolls
 d - a scroll of immolation {unknown}
 e - a scroll of identify {unknown}
 i - a scroll of amnesia {unknown}
 j - a scroll of fog {unknown}
Comestibles
 c - 3 rations


   Skills:
 - Level 2.0 Fighting
 * Level 1.5 Armour
 - Level 1.7 Dodging
 * Level 2.4 Unarmed Combat
 - Level 2.0 Spellcasting
 - Level 2.6 Charms


You had 4 spell levels left.
You knew the following spells:

 Your Spells              Type           Power        Failure   Level  Hunger
a - Infusion              Chrm           ###.         1%          1    #......

Your spell library contained the following spells:

 Spells                   Type           Power        Failure   Level  Hunger
 Song of Slaying          Chrm           ###.....     1%          2    ###....
 Shroud of Golubria       Chrm/Tloc      ###...       2%          2    ###....
 Regeneration             Chrm/Necr      ###.......   5%          3    ###....
 Spectral Weapon          Hex/Chrm       ###.....     5%          3    ###....


Dungeon Overview and Level Annotations

Branches:
Dungeon (2/15)

Altars:


Innate Abilities, Weirdness & Mutations

You are partially covered in rugged brown scales. (AC +1, +3% HP)
You have a pair of small horns on your head.
You are dopey. (Int -2)
Your flesh is heat resistant. (rF+)
You passively map a small area around you.


Message History

You are too injured to fight recklessly!
You are too injured to fight recklessly!
You are too injured to fight recklessly!
You are too injured to fight recklessly!
It was a potion of mutation.
You feel extremely strange.
You feel stupid.
You feel resistant to heat. A pair of horns grows on your head!
You feel a strange attunement to the structure of the dungeons.
* * * LOW HITPOINT WARNING * * *
You feel sick.
The worker ant bites you but does no damage.
It was a potion of brilliance.
You feel clever all of a sudden.
* * * LOW HITPOINT WARNING * * *
You feel sick. The worker ant closely misses you.
You barely miss the worker ant.
The worker ant is lightly wounded.
* * * LOW HITPOINT WARNING * * *
You feel sick. The worker ant bites you.
You die...

* * , # #####
# * ... ** #
,* ...,, # * *
*...* ** # *
#.# # #.# #
#a# # *
#@############
# ,
#............#
#
############.#
# * #.# # *
#.# # ,* #.# #
#.# # ######.#
#
######......#
#


You could see a worker ant.

Vanquished Creatures
  A ball python (D:1)
  A giant cockroach (D:1)
  3 hobgoblins (D:1)
  4 kobolds (D:1)
  A quokka (D:2)
  2 bats (D:1)
  2 frilled lizards (D:1)
  2 rats
16 creatures vanquished.

Notes
Turn   | Place    | Note
-------+----------+-------------------------------------------
     0 | D:1      | MordorOrchid the Demonspawn Skald began the quest for the
                  | Orb.
     0 | D:1      | Reached XP level 1. HP: 16/16 MP: 3/3
    27 | D:1      | Reached skill level 1 in Armour
   801 | D:1      | Gained mutation: You are partially covered in rugged brown
                  | scales. (AC +1, +3% HP) [demonic ancestry]
   801 | D:1      | Reached XP level 2. HP: 6/22 MP: 5/5
  1708 | D:2      | Gained mutation: You are dopey. (Int -2) [potion of
                  | mutation]
  1708 | D:2      | Gained mutation: Your flesh is heat resistant. (rF+)
                  | [potion of mutation]
  1708 | D:2      | Gained mutation: You have a pair of small horns on your
                  | head. [potion of mutation]
  1708 | D:2      | Gained mutation: You passively map a small area around you.
                  | [potion of mutation]
  1710 | D:2      | Slain by a worker ant

Levels and vault maps discovered:
D:1:      roderic_chinese_lattice_arrival, layout_basic, serial_bayou_pond_a,
          minmay_door_square
D:2:      layout_loops_ring, tso_altar, nicolae_overflow_crystal_walls,
          first_ration

Skill      XL: |  1 |
---------------+----+-----
Armour         | 1 |  1.5
Unarmed Combat | 2 |  2.4
Fighting       | |  2.0
Dodging        | |  1.7
Spellcasting   | |  2.0
Charms         | |  2.6

Action                   || total
-------------------------++-------
Melee: Unarmed           ||   110
  Use: Potion            ||     2
  Eat: Chunk             ||     3
Armor: Leather armour    ||    29
Dodge: Dodged            ||    61

Table legend:
 A = Non-vault XP
 B = Vault XP
 C = Vault XP percentage of total XP
 D = Non-vault monster count
 E = Vault monster count
 F = Vault count percentage of total count
                 A         B        C        D         E       F
            +---------+---------+-------+---------+---------+-------
      Total |      23 |       0 |   0.0 |      16 |       0 |   0.0
            +---------+---------+-------+---------+---------+-------
        D:1 |      20 |       0 |   0.0 |      14 |       0 |   0.0
        D:2 |       3 |       0 |   0.0 |       2 |       0 |   0.0
            +---------+---------+-------+---------+---------+-------
